 Dungeon Crawl Stone Soup version 0.18-a0-1789-gbeff17f (webtiles) character file.

1313 dobroeutro the Covered (level 8, 0/52 HPs)
             Began as a Gargoyle Fighter on Apr 21, 2016.
             Was an Initiate of Okawaru.
             Slain by an orc warrior
             ... wielding a +0 glaive
              (15 damage)
             ... on level 6 of the Dungeon.
             The game lasted 00:13:17 (4366 turns).

dobroeutro the Covered (Gargoyle Fighter)           Turns: 4366, Time: 00:13:17

Health: 0/52       AC: 19    Str: 21    XL:     8   Next: 58%
Magic:  8/8        EV:  8    Int: 10    God:    Okawaru [......]
Gold:   355        SH: 10    Dex:  9    Spells: 0 memorised, 7 levels left

rFire  . . .     SeeInvis .     m - +2 whip (vamp)
rCold  . . .     Gourm    .     b - +0 scale mail
rNeg   + . .     Faith    .     c - +0 shield
rPois  ∞         Spirit   .     k - +0 helmet
rElec  +         Dismiss  .     (no cloak)
rCorr  .         Reflect  .     (no gloves)
SustAt .         Harm     .     (no boots)
MR     .....                    (no amulet)
Stlth  ..........               (no ring)
                                y - +5 ring of protection

@: very slightly contaminated, invisible (expiring), not resistant to hostile
enchantments, extremely unstealthy
A: negative energy resistance 1, electricity resistance, unbreathing,
petrification resistance, rot immunity, AC +5
a: Renounce Religion


You were on level 6 of the Dungeon.
You worshipped Okawaru.
Okawaru was noncommittal.
You were hungry.

You visited 2 branches of the dungeon, and saw 7 of its levels.

You collected 355 gold pieces.

Inventory:

Hand Weapons
 a - a +0 flail
 m - a +2 vampiric whip (weapon)
Armour
 b - a +0 scale mail (worn)
 c - a +0 shield (worn)
 k - a +0 helmet (worn)
Jewellery
 y - a +5 ring of protection (left hand)
Wands
 p - a wand of polymorph (15/24)
Scrolls
 e - a scroll of teleportation
 g - 5 scrolls of identify
 i - 2 scrolls of magic mapping
 o - a scroll of recharging {unknown}
 u - 2 scrolls of fog
 v - 3 scrolls of remove curse
 w - 3 scrolls of blinking {unknown}
 x - a scroll of amnesia {unknown}
Potions
 d - a potion of might
 j - a potion of brilliance
 l - a potion of mutation {unknown}
 q - a potion of invisibility
 s - a potion of flight {unknown}
 A - a potion of resistance {unknown}
 B - a potion of curing {unknown}
Comestibles
 f - 2 slices of pizza
 h - 4 meat rations
 t - a royal jelly
 z - 2 bread rations
 C - a beef jerky


   Skills:
 + Level 6.5 Fighting
 + Level 5.3 Maces & Flails
 + Level 6.6 Armour
 + Level 6.1 Shields


You had 7 spell levels left.
You didn't know any spells.

Dungeon Overview and Level Annotations

Branches:
Dungeon (6/15)             Temple (1/1) D:6

Altars:
Dithmenos
Elyvilon
Gozag
Makhleb
Okawaru
Pakellas
Ru
Vehumet
Yredelemnul
Zin
The Shining One


Innate Abilities, Weirdness & Mutations

You are resistant to torment.
Your stone body is resilient (AC +5).
You are immune to poison.
You resist negative energy.
You are resistant to electric shocks.
You can survive without breathing.
You are immune to petrification.
You are immune to rotting.


Message History

You closely miss the orc warrior.
The orc warrior is almost dead.
The worker ant twitches its antennae in your direction.
You closely miss the orc warrior.
The orc warrior is almost dead.
The worker ant twitches its antennae in your direction.
You block the orc warrior's attack.
You closely miss the orc warrior.
The orc warrior is almost dead.
The worker ant twitches its antennae in your direction.
You hit the orc warrior but do no damage.
The orc warrior is almost dead.
The worker ant twitches its antennae in your direction.
The orc warrior hits you with a glaive.
* * * LOW HITPOINT WARNING * * *
You hit the orc warrior.
You feel better.
The orc warrior is almost dead.
The worker ant twitches its antennae in your direction.
The orc warrior hits you with a glaive!
You die...

***,,,,,,,,* #.# ##########
***,***,,* ###.###.........
****,,,**,,******#..............#
*,,,,<,,*,,,,,.......#...###.##..
*,*,,,,,,*,**..........#####.####
*,,,,,,,**,**.##########PPP###
**,*,,,*##.##,* #P...P# ###
,,,**,,,....ro####### #P)>.P# #..
,*,,,,,,...aoaSo@...# #P...P# #.#
,,,,,,_,...########.# ##P.P####>#
*,***,,,*,,* #.# ##'##.##.# *,*
*****,,* #.# #.##.##.# *,*
****,,,* #.# #.##..... *,*
*,,,,,,* #.# #.....#.# *,*
*,*,,,,* ##.# ##.##.#.# *,*
*,*,,,** ####..######.##.#.# *,*
*,**,** #............##.#.#


You could see an orc warrior, 2 worker ants, an orc priest, an adder, an orc and
a quokka.

Vanquished Creatures
  6 ogres
  Blork the orc (D:5)
  A giant frog (D:5)
  A water moccasin zombie (D:5)
  A scorpion (D:4)
  3 wights (D:4)
  3 crimson imps (D:5)
  A hound (D:4)
  A centaur skeleton (D:5)
  2 orc wizards (D:4)
  A worker ant (D:6)
  A hound skeleton (D:5)
  9 adders
  2 shadow imps (D:5)
  A worm (D:2)
  7 dart slugs
  4 giant geckos
  5 orcs
  9 bats
  3 giant cockroaches
  9 goblins
  7 hobgoblins
  15 jackals
  8 kobolds
  2 ball pythons
  A giant gecko skeleton (D:4)
  4 giant newts
  7 rats
115 creatures vanquished.

Notes
Turn   | Place    | Note
--------------------------------------------------------------
     0 | D:1      | dobroeutro the Gargoyle Fighter began the quest for the Orb.
     0 | D:1      | Reached XP level 1. HP: 14/14 MP: 1/1
    51 | D:1      | Reached XP level 2. HP: 19/19 MP: 2/2
   295 | D:1      | Reached XP level 3. HP: 24/24 MP: 3/3
   866 | D:2      | Reached XP level 4. HP: 22/29 MP: 4/4
  1270 | D:2      | Found an oddly glowing altar of Pakellas.
  1270 | D:2      | Found a basalt altar of Yredelemnul.
  1487 | D:3      | Reached XP level 5. HP: 34/34 MP: 5/5
  2091 | D:3      | Found a faded altar to an unknown god.
  2175 | D:3      | Found a glowing golden altar of the Shining One.
  2418 | D:4      | Noticed an ogre
  2573 | D:4      | Noticed an ogre
  2587 | D:4      | Killed an ogre
  2587 | D:4      | Reached XP level 6. HP: 10/40 MP: 6/6
  2605 | D:4      | Reached skill level 5 in Armour
  2661 | D:4      | Reached skill level 5 in Fighting
  2679 | D:4      | Reached XP level 7. HP: 16/44 MP: 7/7
  2809 | D:4      | Reached skill level 5 in Shields
  3057 | D:5      | Entered Level 5 of the Dungeon
  3091 | D:5      | Noticed Blork the orc
  3107 | D:5      | Killed Blork the orc
  3154 | D:5      | Reached XP level 8. HP: 42/51 MP: 8/8
  3439 | D:4      | Reached skill level 5 in Maces & Flails
  3911 | D:6      | Found a staircase to the Ecumenical Temple.
  3919 | Temple   | Entered the Ecumenical Temple
  4010 | Temple   | Became a worshipper of Warmaster Okawaru
  4338 | D:6      | HP: 1/52 [orc warrior/glaive (17)]
  4366 | D:6      | Slain by an orc warrior

Vault maps used:
D:1:      saegor_arrival_simple_c
D:2:      gammafunk_temple_overflow_elements
D:3:      lemuel_upstairs_altar, lemuel_coloured_pillars_altar,
          ecumenical_altar_2, serial_park_tiny_2, minmay_misc_feat_cross
D:4:      first_bread, minmay_surrounded
D:5:      uniq_blork_the_orc
D:6:      xom_butterflies, minmay_temple_entry_enclosed_plants
Temple:   minmay_temple_forest_path_12

Skill      XL: |  1  2  3  4  5  6  7  8 |
---------------+-------------------------+-----
Armour         | 4 5 6 |  6.6
Fighting       | 4 5 6 |  6.5
Maces & Flails | 3 4 5 |  5.3
Shields        | 4 5 6 |  6.1

Action                   |  1- 3 |  4- 6 |  7- 9 || total
-------------------------+-------+-------+-------++-------
Melee: Flail             |   135 |     7 |       ||   142
       Whip              |       |   258 |   291 ||   549
  Use: Scroll            |       |       |     5 ||     5
       Potion            |       |       |     4 ||     4
 Stab: Invisible         |       |       |     5 ||     5
  Eat: Chunk             |       |     6 |     6 ||    12
       Bread ration      |       |     1 |       ||     1
Armor: Scale mail        |    82 |   152 |   134 ||   368
Dodge: Dodged            |    57 |    92 |    63 ||   212
Block: Shield            |    84 |   148 |   108 ||   340
